 Dungeon Sprint DCSS version 0.31-a0-1-g4198be8af4 (webtiles) character file.

Game seed: 13789029962503167625

291 greasedhog the Carver (level 6, -1/91 HPs)
             Began as a Draconian Berserker on May 1, 2023.
             Was a Believer of Trog.
             Slain by a slime creature (21 damage)
             ... in the Dungeon (Sprint I: "Red Sonja").
             The game lasted 00:01:06 (109 turns).

greasedhog the Carver (Draconian Berserker)          Turns: 109, Time: 00:01:07

Health: -1/91      AC: -6    Str: 19    XL:     6   Next: 10%
Magic:  6/6        EV: 16    Int:  7    God:    Trog [**....]
Gold:   162        SH:  0    Dex: 19    Spells: 5/5 levels left

rFire   . . .        a - +0 falchion
rCold   . . .        j - orb of Thoughtfulness {guile, rPois rCorr Dex+6 Slay-3}
rNeg    . . .        (body armour unavailable)
rPois   +            (helmet restricted)
rElec   .            (no cloak)
rCorr   +            (no gloves)
SInv    .            (no boots)
Will    .....        (no amulet) Stlth
                     (no ring)
HPRegen 0.35/turn    (no ring)
MPRegen 0.10/turn

%: no teleportation
@: berserking, corroded, very quick
A: AC +6, unfitting armour, cold-blooded
a: Renounce Religion, Berserk, Trog's Hand


You were in the Dungeon.
You worshipped Trog.
Trog was pleased with you.
You visited 1 branch You collected 162 gold pieces.

Inventory:

Hand Weapons
 a - a +0 falchion (weapon)
Armour
 j - the orb of Thoughtfulness (worn) {guile, rPois rCorr Dex+6 Slay-3}
   (You found it in the Dungeon)

   Dex:       It affects your dexterity (+6).
   Slay:      It affects your accuracy & damage with ranged weapons and melee
   (-3).
   rPois:     It protects you from poison.
   rCorr:     It protects you from acid and corrosion.
Wands
 h - a wand of charming (4)
Scrolls
 g - a scroll of blinking
Potions
 b - a potion of curing
 c - a potion of heal wounds
 d - a potion of haste
 e - 2 potions of magic
 f - a potion of berserk rage
 i - a potion of brilliance {unknown}
 k - 2 potions of attraction {unknown}


   Skills:
 + Level 7.7 Fighting
 * Level 9.8 Long Blades
 + Level 6.1 Dodging


You had 5 spell levels left.
You didn't know any spells.
Your spell library was empty.

Dungeon Overview and Level Annotations

Branches:
Dungeon (1/1)

Altars:
Makhleb
Sif Muna
Vehumet
Wu Jian
Xom
Jiyva
Lugonu


Innate Abilities, Weirdness & Mutations

Your plain brown scales are hard. (AC +6)
You cannot fit into any form of body armour.
You are cold-blooded and may be slowed by cold attacks.


Message History

You have reached level 6!
Your scales feel tougher.
k - 2 fizzy silvery potions You start putting on your armour.
You continue putting on the orb of Thoughtfulness {guile, rPois rCorr Dex+6 Slay-3}. x4
You finish putting on the orb of Thoughtfulness {guile, rPois rCorr Dex+6 Slay-3}.
You feel agile.
There is an ornate altar of the Wu Jian Council here.
You kneel at the altar of Wu Jian.
There is an open door here.
You open the door.
A slime creature comes into view.
Found four altars.
There is an open door here.
A red film seems to cover your vision as you go berserk!
You feel yourself moving faster!
You feel mighty!
You slash the slime creature! You tail-slap the slime creature.
The slime creature is lightly wounded.
The slime creature closely misses you.
You hit the slime creature.
The slime creature is moderately wounded.
You slash the slime creature!
You tail-slap the slime creature, but do no damage.
The slime creature is heavily wounded.
The slime creature hits you!
You hit the slime creature but do no damage.
The slime creature is heavily wounded.
The slime creature hits you!
* * * LOW HITPOINT WARNING * * *
You hit the slime creature.
The slime creature is heavily wounded.
You hit the slime creature. You tail-slap the slime creature.
The slime creature is heavily wounded.
The slime creature closely misses you.
You barely miss the slime creature.
The slime creature is heavily wounded.
You hit the slime creature.
The slime creature is severely wounded.
The slime creature hits you!!
You die...

###################
#<.#..').#..'..#__#
#..)..#..').#..@J.+
#..#####'#####'#__#
#..# #..# #.####
#..# #### ##.# #..#
#+#_.+ #⌠⌠# +..._#
#### #_.#+# ##+


You could see a slime creature.

Vanquished Creatures
  Sigmund (D)
  An ogre (D)
  A jelly (D)
  Ijyb (D)
4 creatures vanquished.

Notes
Turn   | Place    | Note
-------+----------+-------------------------------------------
     0 | D        | greasedhog the Draconian Berserker began the quest for the
                  | Orb.
     0 | D        | Reached XP level 1. HP: 19/19 MP: 1/1
     1 | D        | Noticed Ijyb
     5 | D        | Killed Ijyb
     6 | D        | Reached skill level 5 in Long Blades
     6 | D        | Reached XP level 2. HP: 28/28 MP: 2/2
    36 | D        | Noticed an ogre
    41 | D        | Killed an ogre
    42 | D        | Reached skill level 5 in Fighting
    42 | D        | Reached skill level 7 in Long Blades
    42 | D        | Reached XP level 3. HP: 19/37 MP: 3/3
    42 | D        | Reached XP level 4. HP: 23/44 MP: 4/4
    53 | D        | Noticed Sigmund
    62 | D        | Killed Sigmund
    62 | D        | Reached ** piety under Trog
    63 | D        | Reached skill level 9 in Long Blades
    63 | D        | Reached skill level 5 in Dodging
    63 | D        | Reached XP level 5. HP: 34/52 MP: 5/5
    76 | D        | Found an ornate altar of the Wu Jian Council.
    76 | D        | Found a shimmering blue altar of Sif Muna.
    78 | D        | Found a radiant altar of Vehumet.
    78 | D        | Identified the orb of Thoughtfulness {guile, rPois rCorr
                  | Dex+6 Slay-3}
    85 | D        | Reached XP level 6. HP: 27/61 MP: 6/6
    99 | D        | Found a burning altar of Makhleb.
    99 | D        | Found a viscous altar of Jiyva.
    99 | D        | Found a shimmering altar of Xom.
    99 | D        | Found a corrupted altar of Lugonu.
    99 | D        | Noticed a slime creature
   109 | D        | Slain by a slime creature

Illustrated notes

Levels and vault maps discovered:
D:        dungeon_sprint_1 [red_sonja_temple_1, red_sonja_temple_small_1]

Skill      XL: |  1  2  3  4  5 |
---------------+----------------+-----
Fighting       | 4 5 7 |  7.7
Long Blades    | 5 7 9 |  9.8
Dodging        | 3 4 5 6 |  6.1

Action                     |  1- 3 |  4- 6 || total
---------------------------+-------+-------++-------
  Melee: Falchion          |     8 |    21 ||    29
         Tailslap          |     1 |     5 ||     6
 Invoke: Berserk           |     1 |     1 ||     2
 Armour: Skin              |       |     1 ||     1
  Dodge: Dodged            |     3 |     8 ||    11

Table legend: (Time is in decaauts)
 A = Elapsed time spent in this place.
 B = Non-inter-level travel time spent in this place.
 C = Inter-level travel time spent in this place.
 D = Time resting spent in this place.
 E = Time spent auto-exploring this place.
 F = Levels seen in this place.
 G = Mean time per level.
                   A        B        C        D        E       F      G
               +--------+--------+--------+--------+--------+-----+--------+
         Total |    110 |    110 |      0 |     29 |      0 |   1 |  110.0 |
       Dungeon |    110 |    110 |      0 |     29 |      0 |   1 |  110.0 |
               +--------+--------+--------+--------+--------+-----+--------+

Top non-repeatable levels by time:
       D: 110 daAuts
